 Dungeon Crawl Stone Soup version 0.32-a0-921-g04a7ad8e02 (webtiles) character file.

Game seed: 3534975187141585624

107556 Stelteck the Warrior (level 16, -31/207 HPs)
             Began as a Demonspawn Berserker on Mar 31, 2024.
             Was a High Priest of Trog.
             Annihilated by a hell knight
             ... wielding a +4 heavy great mace
              (43 damage)
             ... on level 1 of the Depths on Apr 11, 2024.
             The game lasted 01:42:28 (24727 turns).

Stelteck the Warrior (Demonspawn Berserker)        Turns: 24727, Time: 01:42:29

Health: -31/207    AC:  9    Str: 24    XL:     16   Next: 0%
Magic:  16/16      EV: 14    Int:  8    God:    Trog [*****.]
Gold:   2528       SH:  0    Dex:  9    Spells: 15/15 levels left

rFire   + . .        a - +10 hand axe of Gaadauff {speed, rF+ Will+ Dex-5 Stlth+}
rCold   + + +        (no shield)
rNeg    + . .        Q - +4 skin of Zhor {*Englaciate rC+++ SInv}
rPois   .            (no helmet)
rElec   .            d - +1 cloak
rCorr   +            (gloves unavailable)
SInv    +            M - +0 pair of boots
Will    ++++.        C - amulet of the acrobat Stlth
                     p - ring of resist corrosion
HPRegen 1.54/turn    g - ring of positive energy
MPRegen 0.15/turn

%: acrobat
@: berserking (expiring), strong-willed, regenerating, wreathed by umbra, very
quick
A: powered by pain 2, sturdy frame 2, demonic touch 3, foul shadow 3
a: Renounce Religion, Berserk, Trog's Hand, Brothers in Arms


You were on level 1 of the Depths.
You worshipped Trog.
Trog was extremely pleased with you.
You visited 5 branches of the dungeon, and saw 24 of its levels.
You also visited: Bailey and Ice Cave.

You collected 2766 gold pieces.
You spent 238 gold pieces at shops.

Inventory:

Hand Weapons
 a - the +10 hand axe of Gaadauff (weapon) {speed, rF+ Will+ Dex-5 Stlth+}
   (You found it in a bailey)

   Dex-5:     It affects your dexterity (-5).
   rF+:       It protects you from fire.
   Will+:     It increases your willpower.
   Stlth+:    It makes you more stealthy.
 b - a +3 arbalest
 q - the +1 battleaxe "Waytopn" {flame, *Slow rElec Str+4}
   (Trog gifted it to you on level 12 of the Dungeon)

   Str+4:     It affects your strength (+4).
   rElec:     It insulates you from electricity.
   *Slow:     It may slow you when you take damage.
Armour
 d - a +1 cloak (worn)
 M - a +0 pair of boots (worn)
 N - +0 swamp dragon scales
 Q - the +4 skin of Zhor (worn) {*Englaciate rC+++ SInv}
   (You found it in an ice cave)

   *Englaciate: It radiates cold, occasionally slowing all nearby creatures who
   are not resistant to cold.
   rC+++:     It renders you almost immune to cold.
   SInv:      It lets you see invisible.
 R - a +2 buckler
 S - a scarf of shadows
 T - +0 ice dragon scales
Jewellery
 g - a ring of positive energy (right hand)
 p - a ring of resist corrosion (left hand)
 z - a ring of flight
 C - an amulet of the acrobat (around neck)
 E - a ring of protection from cold
 U - a ring of poison resistance
 V - an amulet of magic regeneration
Wands
 t - a wand of iceblast (27)
 x - a wand of mindburst (17)
 y - a wand of quicksilver (4)
 D - a wand of flame (65)
 F - a wand of charming (13)
 J - a wand of digging (6)
 L - a wand of polymorph (4)
Scrolls
 e - 5 scrolls of fog
 n - 3 scrolls of enchant weapon
 o - a scroll of silence
 s - 5 scrolls of poison
 u - 7 scrolls of teleportation
 w - a scroll of immolation
 A - 4 scrolls of blinking
 B - 2 scrolls of identify
 G - 3 scrolls of enchant armour
 H - a scroll of revelation
 I - 2 scrolls of fear
 O - a scroll of brand weapon
Potions
 c - 2 potions of haste
 f - 9 potions of lignification
 h - 2 potions of cancellation
 i - 3 potions of might
 k - 5 potions of enlightenment
 l - 2 potions of attraction
 m - a potion of invisibility {unknown}
 r - 3 potions of magic
 v - 11 potions of curing
 K - a potion of resistance {unknown}
 P - 2 potions of heal wounds
Miscellaneous
 j - a phantom mirror


   Skills:
 * Level 16.3 Fighting
 - Level 16.0 Axes
 + Level 6.9 Ranged Weapons
 - Level 4.9 Armour
 + Level 11.6 Dodging
 - Level 4.5 Stealth
 + Level 7.4 Evocations


You had 15 spell levels left.
You didn't know any spells.
Your spell library was empty.

Dungeon Overview and Level Annotations

Branches:
Dungeon (15/15)            Temple (1/1) D:7            Lair (5/5) D:9
 Shoals (0/4) Lair:3       Spider (0/4) Lair:3        Slime (0/5) Lair:5
    Orc (2/2) D:11            Elf (0/3) Orc:2        Vaults (0/5) D:14
 Depths (1/4) D:15         Bailey (visited)           IceCv (visited)

Altars:
Ashenzari
Cheibriados
Dithmenos
Fedhas
Gozag
Hepliaklqana
Kikubaaqudgha
Makhleb
Nemelex Xobeh
Okawaru
Qazlal
Ru
Sif Muna
Trog
Uskayaw
Vehumet
Wu Jian
Xom
Yredelemnul
Beogh
Jiyva

Shops:
D:2 [   D:9 [*(!   D:10 [   D:11 !   D:14 =[!   Orc:2 [(*::

Portals:
Trove: D:10 (give 4 potions of resistance)

Annotations:
Depths:1 Nikola


Innate Abilities, Weirdness & Mutations

You sometimes gain power by taking damage.
Your movements are less encumbered by armour. (ER -4)
Your touch may irresistibly damage your foes and sap their willpower.
You are darkly shadowed, frequently releasing foul flame when damaged in melee.


Message History

The hell knight blinks!
The hell knight attacks as it pursues you!
The hell knight completely misses you.
The hell knight attacks as it pursues you!
The hell knight completely misses you.
A red film seems to cover your vision as you go berserk!
You feel yourself moving faster!
You feel mighty!
The hell knight invokes the aid of its god against you.
The bolt of fire hits the hell knight.
The hell knight completely resists.
The bolt of fire hits you! You resist.
The hell knight mumbles some strange prayers to its god.
The hell knight blinks!
The hell knight hits you with a +4 demon whip of pain!
The hell knight hits you with a +4 heavy great mace!!
The hell knight hits you from afar with a +5 halberd of flaming!
* * * LOW HITPOINT WARNING * * *
The hell knight burns you.
* * * LOW HITPOINT WARNING * * *
You hear a shout!
You feel a strong urge to attack something.
The hell knight invokes the aid of its god against you.
The bolt of fire misses you.
The tengu conjurer casts a spell.
The tengu conjurer conjures a globe of magical energy!
A battlesphere comes into view.
There is a staircase back to the Dungeon here.
The hell knight invokes the aid of its god against you.
The bolt of fire hits you! You resist.
* * * LOW HITPOINT WARNING * * *
The hell knight mumbles some strange prayers to its god against you.
The bolt of fire hits the hell knight.
The hell knight completely resists.
The bolt of fire hits the hell knight.
The hell knight completely resists.
The bolt of fire hits you! You resist.
* * * LOW HITPOINT WARNING * * *
The hell knight hits you from afar with a +5 halberd of flaming!
* * * LOW HITPOINT WARNING * * *
The hell knight burns you.
* * * LOW HITPOINT WARNING * * *
The hell knight hits you with a +4 heavy great mace!!!
You die...

###########
#......#..#.
#..........#
#...........
#..p........
#@Q.........
#p....Q.i§..
#p.p§.*.....
#...C.......
#...........
#.p........(
#...........
#...........
#...........


You could see a frost giant, 5 hell knights, a tengu warrior, a spriggan air
mage (repels missiles), a tengu conjurer and a battlesphere (distracted).

Vanquished Creatures
  Rupert (D:13)
  An orc warlord (Orc:2)
  A reaper (IceCv)
  A dire elephant (D:15)
  Snorg (D:13)
  Josephine (Lair:4)
  2 hydras
  8 vault guards (D:14)
  2 catoblepae (D:14)
  5 boulder beetles
  Erica (Lair:1)
  2 hell hogs (Lair:5)
  7 two-headed ogres
  5 centaur warriors
  A death knight (D:13)
  4 death yaks (Lair:5)
  2 orc high priests (Orc:2)
  A hell knight (Depths:1)
  3 skysharks
  A lindwurm (Lair:5)
  An orc knight (Bailey)
  5 oklob plants
  3 orc sorcerers (Orc:2)
  3 obsidian bats (Orc:2)
  An ugly thing (D:11)
  6 cyclopes
  6 manticores
  A spectral centaur (D:14)
  2 deep elf pyromancers (D:14)
  A centaur zombie (D:14)
  6 kobold blastminers (Orc:2)
  5 elephants
  6 black mambas
  An ice statue (IceCv)
  2 molten gargoyles (Lair:5)
  2 gargoyles
  Maggie (D:10)
  Jeremiah (D:7)
  2 centaur skeletons (D:14)
  7 cane toads
  An efreet (D:15)
  An unseen horror (D:11)
  An anaconda simulacrum (IceCv)
  16 komodo dragons
  An ice devil (IceCv)
  3 kobold demonologists (D:10)
  A tengu conjurer (D:14)
  2 rime drakes (Lair:2)
  5 trolls
  3 red devils (Orc:2)
  A polar bear (shapeshifter) (D:14)
  2 polar bears
  5 hornets (Lair:5)
  Prince Ribbit (D:7)
  20 blink frogs
  9 slime creatures
  6 wraiths
  6 wyverns
  3 shadows
  12 basilisks
  54 yaks
  A dire elephant simulacrum (IceCv)
  4 steam dragons
  7 wargs
  9 vampire mosquitoes (D:13)
  4 death yak simulacra (IceCv)
  An acid dragon (D:11)
  The ghost of Autsider the Digger, an amateur GrEE (D:4)
  15 water moccasins
  A hydra simulacrum (IceCv)
  5 hell hounds (Lair:5)
  2 ice beasts
  3 black bears
  34 orc warriors
  13 wolves
  10 ogres
  14 centaurs
  A weeping skull (D:6)
  A kobold brigand (D:10)
  10 bullfrogs
  2 cane toad simulacra (IceCv)
  9 wights (D:8)
  7 two-headed ogre simulacra (IceCv)
  4 scorpions
  An elephant simulacrum (IceCv)
  6 killer bees (D:11)
  2 howler monkeys
  An electric eel (D:12)
  7 lava snakes
  5 bombardier beetles
  3 hounds
  9 orc priests
  3 jellies
  Jessica (D:3)
  An iguana (D:6)
  26 orc wizards
  7 hell rats (Lair:5)
  A statue (D:6)
  A boggart skeleton (D:14)
  7 troll simulacra
  3 polar bear simulacra (IceCv)
  6 spriggan simulacra
  3 wolf simulacra (IceCv)
  3 gnolls (D:5)
  9 adders
  6 naga simulacra
  2 shadow imps
  4 white imps
  7 ufetubi (IceCv)
  2 dart slugs (D:4)
  7 ribbon worms
  74 orcs
  7 bats
  5 endoplasms
  3 giant cockroaches
  6 goblins
  12 hobgoblins
  5 jackals
  A quokka (D:3)
  10 ball pythons
  13 frilled lizards
  16 kobolds
  7 rats
  A spectral orc (D:6)
  A butterfly (D:7)
717 creatures vanquished.

Notes
Turn   | Place    | Note
-------+----------+-------------------------------------------
     0 | D:1      | Stelteck the Demonspawn Berserker began the quest for the
                  | Orb.
     0 | D:1      | Reached XP level 1. HP: 18/18 MP: 1/1
   145 | D:1      | Gained mutation: You sometimes gain a little power by
                  | taking damage. [demonic ancestry]
   145 | D:1      | Reached XP level 2. HP: 24/24 MP: 2/2
   251 | D:1      | You fall into a shaft and drop 1 floor!
   251 | D:2      | Found a faded altar of an unknown god.
   511 | D:1      | Reached ** piety under Trog
   529 | D:1      | Gained mutation: You are faintly shadowed, very rarely
                  | releasing foul flame when damaged in melee. [demonic
                  | ancestry]
   529 | D:1      | Reached XP level 3. HP: 24/29 MP: 3/3
  1446 | D:2      | Gained mutation: You sometimes gain power by taking damage.
                  | [demonic ancestry]
  1446 | D:2      | Reached XP level 4. HP: 25/36 MP: 4/4
  1446 | D:2      | Found a sparkling altar of Nemelex Xobeh.
  1450 | D:2      | Found Ydaym's Antique Armour Emporium.
  2108 | D:3      | Noticed Jessica
  2112 | D:3      | Killed Jessica
  2301 | D:3      | Reached *** piety under Trog
  2302 | D:3      | Gained mutation: You are shadowed, sometimes releasing foul
                  | flame when damaged in melee. [demonic ancestry]
  2302 | D:3      | Reached XP level 5. HP: 41/42 MP: 5/5
  2303 | D:3      | Found a broken altar of Ashenzari.
  2773 | D:4      | Found a sacrificial altar of Ru.
  2857 | D:4      | Found a runed translucent door.
  2860 | D:4      | Noticed Autsider's ghost (amateur GrEE)
  2879 | D:4      | Reached skill level 5 in Axes
  2881 | D:4      | Killed Autsider's ghost
  2882 | D:4      | Gained mutation: Your touch may inflict minor irresistible
                  | damage on your foes. [demonic ancestry]
  2882 | D:4      | Reached XP level 6. HP: 31/49 MP: 6/6
  2885 | D:4      | Found a runed translucent door.
  3074 | D:4      | Reached skill level 5 in Fighting
  3385 | D:5      | Entered Level 5 of the Dungeon
  3403 | D:5      | Gained mutation: You are darkly shadowed, frequently
                  | releasing foul flame when damaged in melee. [demonic
                  | ancestry]
  3403 | D:5      | Reached XP level 7. HP: 30/56 MP: 7/7
  4048 | D:5      | Found a hazy altar of Hepliaklqana.
  4049 | D:5      | Found a shimmering altar of Xom.
  4049 | D:5      | Noticed a hell beast
  4050 | D:5      | Noticed a spectral ugly thing
  4050 | D:5      | Noticed a hell beast
  4670 | D:6      | Reached XP level 8. HP: 56/64 MP: 8/8
  4720 | D:6      | Found a sparkling altar of Nemelex Xobeh.
  5019 | D:6      | Found a basalt altar of Yredelemnul.
  5259 | D:6      | Found a hide-covered altar of Uskayaw.
  5681 | D:6      | Found a radiant altar of Vehumet.
  6000 | D:7      | Reached **** piety under Trog
  6005 | D:7      | Noticed Prince Ribbit
  6006 | D:7      | HP: 1/65 [steam dragon/ball of steam (20)]
  6017 | D:7      | Noticed Jeremiah
  6127 | D:7      | Killed Jeremiah
  6128 | D:7      | Reached XP level 9. HP: 36/72 MP: 9/9
  6300 | D:7      | Killed Prince Ribbit
  6575 | D:7      | Found a staircase to the Ecumenical Temple.
  6588 | Temple   | Entered the Ecumenical Temple
  6618 | D:7      | Found an iron altar of Okawaru.
  6761 | D:8      | Found a bloodstained altar of Trog.
  6761 | D:8      | Noticed a troll
  6768 | D:8      | Killed a troll
  6769 | D:8      | Reached skill level 10 in Axes
  7180 | D:8      | Found a flagged portal.
  7189 | Bailey   | Entered a bailey
  7386 | Bailey   | Gained mutation: Your movements are slightly less
                  | encumbered by armour. (ER -2) [demonic ancestry]
  7386 | Bailey   | Reached XP level 10. HP: 75/82 MP: 10/10
  7424 | Bailey   | Reached skill level 10 in Fighting
  7424 | Bailey   | Reached skill level 5 in Dodging
  7424 | Bailey   | Gained mutation: Your touch may inflict irresistible damage
                  | on your foes. [demonic ancestry]
  7424 | Bailey   | Reached XP level 11. HP: 90/90 MP: 11/11
  7425 | Bailey   | Gained mutation: Your movements are less encumbered by
                  | armour. (ER -4) [demonic ancestry]
  7425 | Bailey   | Reached XP level 12. HP: 100/100 MP: 12/12
  7438 | Bailey   | Identified the +10 hand axe of Gaadauff {speed, rF+ Will+
                  | Dex-5 Stlth+}
  8133 | D:9      | Found Ypahuafi's Armour Boutique.
  8195 | D:9      | Found a staircase to the Lair.
  8274 | D:9      | Found an ancient bone altar of Kikubaaqudgha.
  8286 | Lair:1   | Entered Level 1 of the Lair of Beasts
  8453 | Lair:1   | Noticed Erica
  8462 | Lair:1   | Killed Erica
  8716 | Lair:1   | Reached ***** piety under Trog
  9290 | Lair:2   | Found a blossoming altar of Fedhas.
  9307 | Lair:2   | Reached skill level 15 in Axes
  9805 | Lair:2   | Identified the +2 rapier of Laceration {pain, rC- Str+4
                  | SInv}
 10571 | Lair:3   | Gained mutation: Your touch may irresistibly damage your
                  | foes and sap their willpower. [demonic ancestry]
 10571 | Lair:3   | Reached XP level 13. HP: 108/108 MP: 13/13
 10719 | Lair:3   | Found a hole to the Spider Nest.
 10999 | Lair:3   | Found a staircase to the Shoals.
 11570 | Lair:4   | Noticed Josephine
 11583 | Lair:4   | Killed Josephine
 12371 | Lair:5   | Entered Level 5 of the Lair of Beasts
 12390 | Lair:5   | Reached skill level 1 in Ranged Weapons
 12390 | Lair:5   | Reached skill level 1 in Stealth
 12390 | Lair:5   | Reached skill level 1 in Evocations
 12812 | Lair:5   | Reached XP level 14. HP: 102/118 MP: 14/14
 12937 | Lair:5   | Found a large runed translucent door.
 12937 | Lair:5   | Found a large runed translucent door.
 13275 | Lair:5   | Received a gift from Trog
 13293 | Lair:5   | Reached skill level 10 in Dodging
 13412 | Lair:5   | Found a viscous altar of Jiyva.
 13462 | Lair:5   | Found a staircase to the Slime Pits.
 14492 | D:9      | Found an ornate altar of the Wu Jian Council.
 14492 | D:9      | Found a shimmering blue altar of Sif Muna.
 14575 | D:9      | Found Zycs's Weapon Emporium.
 14577 | D:9      | Found Huwno's General Store.
 14578 | D:9      | Found Uckatt's Distillery.
 15006 | D:10     | Entered Level 10 of the Dungeon
 15206 | D:10     | Found a portal to a secret trove of treasure.
 15209 | D:10     | Noticed Maggie
 15220 | D:10     | Killed Maggie
 15415 | D:10     | Received a gift from Trog
 15620 | D:10     | Found Zoemakk's Antique Armour Emporium.
 15738 | D:10     | Found a shadowy altar of Dithmenos.
 16189 | D:11     | Found a frozen archway.
 16218 | IceCv    | Entered an ice cave
 16422 | IceCv    | Found the +4 skin of Zhor {*Englaciate rC+++ SInv}
 16804 | IceCv    | Noticed a reaper
 16809 | IceCv    | Received a gift from Trog
 16845 | IceCv    | Killed a reaper
 17292 | D:11     | Found a staircase to the Orcish Mines.
 17375 | D:11     | Found Halurph's Distillery.
 17383 | D:11     | Bought 2 potions of curing for 78 gold pieces
 17383 | D:11     | Bought a potion of heal wounds for 65 gold pieces
 17383 | D:11     | Bought a potion of curing for 39 gold pieces
 17801 | Orc:1    | Entered Level 1 of the Orcish Mines
 17997 | Orc:1    | Found a roughly hewn altar of Beogh.
 18132 | Orc:2    | Entered Level 2 of the Orcish Mines
 18139 | Orc:2    | Found a staircase to the Elven Halls.
 18176 | Orc:2    | Reached skill level 5 in Evocations
 18318 | Orc:2    | Found a roughly hewn altar of Beogh.
 18485 | Orc:2    | Reached XP level 15. HP: 75/127 MP: 15/15
 18941 | Orc:2    | Found a roughly hewn altar of Beogh.
 18945 | Orc:2    | Found Vesaw's Book Shop.
 19083 | Orc:2    | Found a roughly hewn altar of Beogh.
 19084 | Orc:2    | Found Attifoet's General Store.
 19089 | Orc:2    | Received a gift from Trog
 19098 | Orc:2    | Reached skill level 5 in Ranged Weapons
 19111 | Orc:2    | Bought 2 scrolls of identify for 56 gold pieces
 19198 | Orc:2    | Found Ykkis's Book Shoppe.
 19542 | Orc:2    | Reached skill level 15 in Fighting
 19810 | Orc:2    | Found Emoex Umno's Antique Armour Shop.
 19830 | Orc:2    | Found a roughly hewn altar of Beogh.
 19846 | Orc:2    | Found Nyjeun's Antique Weapon Boutique.
 20129 | D:12     | Identified the +1 battleaxe "Waytopn" {flame, *Slow rElec
                  | Str+4} (Trog gifted it to you on level 12 of the Dungeon)
 20129 | D:12     | Received a gift from Trog
 20533 | D:13     | Upgraded the game from 0.32-a0-876-gcfddb08e57 to
                  | 0.32-a0-909-gc671339a80
 20564 | D:13     | Reached ****** piety under Trog
 21168 | D:13     | Noticed Snorg
 21186 | D:13     | Killed Snorg
 21466 | D:13     | Noticed Rupert
 21480 | D:13     | Killed Rupert
 22382 | D:14     | Found Jiladd's Armour Emporium.
 22554 | D:14     | Found Ybyps's Jewellery Shop.
 22853 | D:14     | Found Xucoga's Distillery.
 22900 | D:14     | Found a gate to the Vaults.
 23388 | D:15     | Entered Level 15 of the Dungeon
 23555 | D:15     | Found a staircase to the Depths.
 24591 | D:15     | Upgraded the game from 0.32-a0-909-gc671339a80 to
                  | 0.32-a0-921-g04a7ad8e02
 24705 | Depths:1 | Entered Level 1 of the Depths
 24716 | Depths:1 | Reached XP level 16. HP: 129/138 MP: 16/16
 24717 | Depths:1 | Noticed Nikola
 24727 | Depths:1 | Annihilated by a hell knight

Illustrated notes

Levels and vault maps discovered:
D:1:      dpeg_arrival_simpleton_b, layout_basic, minmay_lizard_king
D:2:      layout_loops_ring, serial_shops, shop,
          hellmonk_ecumenical_altar_run_dry, basic_altar,
          minmay_randomly_rotated_circles
D:3:      layout_loops_cross, evilmike_ruin_ashenzari, minmay_misc_feat_five,
          uniq_jessica
D:4:      nicolae_cairo_tiling_large_dashed, layout_rooms,
          mainiacjoe_overflow_cross_hatched, ebering_ghost_sewer_f,
          serial_library_regret_index_branch_corner
D:5:      layout_basic, regret_index_temple_of_mockery,
          nicolae_elyvilon_temple_path, minmay_misc_feat_tower
D:6:      layout_basic, yredelemnul_forgotten_temple_becter,
          nemelex_diamond_rough_becter, vehumet_statue,
          mainiacjoe_overflow_catch_the_wave
D:7:      layout_rooms, mainiacjoe_overflow_alcove_2,
          minmay_temple_entry_butterflies, hangedman_decor_riveting,
          uniq_jeremiah, uniq_prince_ribbit1
D:8:      layout_gridville, bloody_trog, enter_bailey_2
D:9:      layout_basic, mainiacjoe_overflow_divided_tiny,
          mainiacjoe_overflow_boulevard, david_lair_generic, serial_shops,
          nicolae_shop_getting_attention, nicolae_shop_distant_corner_stores
D:10:     layout_basic, grunt_dithmenos_shadows, nicolae_trove_entry_crossroad,
          serial_shops, nicolae_stop_n_shop_2, uniq_maggie
D:11:     layout_roguey, minmay_orc_entry_guard_dogs,
          portal_ice_cave_entry_ice_simulacra, serial_shops, shop
D:12:     layout_irregular_city, minivault_4
D:13:     layout_irregular_city, grunt_ministairs_10, uniq_snorg, uniq_rupert
D:14:     layout_small_grid, erik_vaults_2, serial_shops, kennysheep_mini_moat,
          nicolae_shop_statue_plus, kennysheep_little_box,
          hangedman_weighted_door
D:15:     hangedman_depths_entry_try_elsewhere_first, layout_loops_cross,
          grunt_decor_junction
Temple:   hellmonk_temple_rainy
Lair:1:   layout_misc_corridors, grunt_forest_small_clearings, uniq_erica
Lair:2:   layout_layer_cave, chequers_serial_rivers_micro_c,
          hangedman_tree_tricks, serial_bayou_shore_b,
          infiniplex_staircase_pool_2
Lair:3:   layout_cave_pods, elwin_shoals_entry_rocks,
          nicolae_spider_entry_non_spiders, lemuel_fruit_tree,
          grunt_megastairs_5
Lair:4:   layout_long_grid, grunt_megastairs_1, uniq_josephine
Lair:5:   cheibrodos_lair_end_hotspot, layout_long_grid,
          minmay_slime_entry_oklob_open, nicolae_volcano_entry_hallway,
          dreamdust_wasp_nest
Orc:1:    layout_diamond_mine, basic_altar
Orc:2:    grunt_orc_community_town_hall, layout_diamond_mine,
          grunt_orc_community_big_house_1, grunt_orc_community_big_house_2,
          grunt_orc_community_house_2, grunt_orc_community_house_2,
          grunt_orc_community_house_1, grunt_orc_community_house_1,
          serial_shops, nicolae_shop_temple_entry_statues_fountains,
          einodemon_armed_red_devil_minivault
Depths:1: layout_forbidden_donut, enter_ziggurat_a, roderic_lattice_a,
          nicolae_abyss_entry_one_way_or_another, grunt_hell_horde,
          serial_shops, shop, nicolae_uskayaw_suspiria, uniq_nikola

Skill      XL: |  1  2  3  4  5  6  7  8  9 10 11 12 13 14 15 |
---------------+----------------------------------------------+-----
Axes           | 3 4 5 6 7 9 10 12 13 15 16 | 16.0
Armour         | 2 3 4 |  4.9
Dodging        | 2 3 5 7 8 9 10 11 | 11.6
Fighting       | 4 5 6 7 8 10 11 12 13 14 16 | 16.3
Ranged Weapons | 2 4 6 |  6.9
Stealth        | 2 4 |  4.5
Evocations     | 2 5 7 |  7.4

Action                     |  1- 3 |  4- 6 |  7- 9 | 10-12 | 13-15 | 16-18 || total
---------------------------+-------+-------+-------+-------+-------+-------++-------
  Melee: Hand axe          |   137 |   155 |   186 |   200 |  1371 |     5 ||  2054
         Touch             |       |     7 |    42 |    41 |   288 |     1 ||   379
         Battleaxe         |       |       |    68 |    13 |     9 |       ||    90
   Fire: Arbalest          |       |       |    16 |       |     4 |       ||    20
 Invoke: Trog's Hand       |       |     2 |     3 |       |    10 |       ||    15
         Berserk           |       |     2 |     1 |     1 |     4 |     1 ||     9
  Evoke: Wand              |       |       |       |       |     1 |       ||     1
    Use: Scroll            |     2 |     4 |     8 |       |    19 |       ||    33
         Potion            |       |     2 |     3 |     2 |     3 |       ||    10
   Stab: Sleeping          |       |     1 |     1 |     7 |    45 |       ||    54
         Distracted        |       |       |       |     1 |       |       ||     1
 Armour: Animal skin       |    11 |       |       |       |   283 |    11 ||   305
         Leather armour    |   101 |    98 |    96 |       |       |       ||   295
         Troll leather arm |       |       |    59 |    93 |   223 |       ||   375
         Swamp dragon scal |       |       |       |       |    19 |       ||    19
  Dodge: Dodged            |   116 |   112 |   188 |   104 |   662 |     6 ||  1188

Table legend: (Time is in decaauts)
 A = Elapsed time spent in this place.
 B = Non-inter-level travel time spent in this place.
 C = Inter-level travel time spent in this place.
 D = Time resting spent in this place.
 E = Time spent auto-exploring this place.
 F = Levels seen in this place.
 G = Mean time per level.
                   A        B        C        D        E       F      G
               +--------+--------+--------+--------+--------+-----+--------+
         Total |  23884 |  22970 |    914 |   2174 |  13826 |  26 |  918.6 |
       Dungeon |  14771 |  14149 |    622 |   1392 |   8632 |  15 |  984.7 |
        Temple |      1 |      1 |      0 |      0 |      0 |   1 |    1.0 |
          Lair |   5747 |   5456 |    291 |    250 |   3476 |   5 | 1149.4 |
  Orcish Mines |   2070 |   2070 |      0 |    378 |   1129 |   2 | 1035.0 |
        Depths |     14 |     14 |      0 |      0 |      0 |   1 |   14.0 |
        Bailey |    412 |    412 |      0 |      0 |    196 |   1 |  412.0 |
      Ice Cave |    866 |    866 |      0 |    154 |    392 |   1 |  866.0 |
               +--------+--------+--------+--------+--------+-----+--------+

Top non-repeatable levels by time:
  Lair:5: 1745 daAuts
   Orc:2: 1714 daAuts
    D:14: 1498 daAuts
  Lair:2: 1353 daAuts
    D:15: 1285 daAuts
     D:6: 1264 daAuts
     D:5: 1255 daAuts
    D:13: 1220 daAuts
     D:2: 1187 daAuts
    D:10: 1049 daAuts
     D:8: 941 daAuts
  Lair:3: 937 daAuts
     D:1: 888 daAuts
  Lair:1: 876 daAuts
   IceCv: 866 daAuts
